 Dungeon Crawl Stone Soup version 0.18.1-8-gdd0e5ea (webtiles) character file.

345 mrath the Cudgeler (level 6, -1/67 HPs)
             Began as an Ogre Berserker on June 6, 2016.
             Was a Believer of Trog.
             Slain by Blork the orc
             ... wielding a +0 trident
              (7 damage)
             ... on level 4 of the Dungeon.
             The game lasted 00:15:26 (4556 turns).

mrath the Cudgeler (Ogre Berserker)                 Turns: 4556, Time: 00:15:27

Health: -1/67      AC:  4    Str: 24    XL:     6   Next: 58%
Magic:  6/6        EV: 13    Int:  6    God:    Trog [**....]
Gold:   149        SH:  0    Dex: 10    Spells: 0 memorised, 5 levels left

rFire  . . .     SeeInvis .     a - +0 mace
rCold  . . .     Gourm    .     b - +0 animal skin
rNeg   . . .     Faith    .     (no shield)
rPois  .         Spirit   .     (helmet restricted)
rElec  .         Dismiss  .     v - +0 cloak
rCorr  .         Reflect  .     (gloves unavailable)
SustAt .         Harm     .     (boots unavailable)
MR     .....                    (no amulet)
Stlth  ++........               n - +2 ring of evasion
                                j - ring of stealth

@: lethally poisoned (-1 -> -2), not resistant to hostile enchantments,
unstealthy
A: unfitting armour, tough skin 1
a: Berserk, Trog's Hand, Burn Spellbooks, Renounce Religion


You were on level 4 of the Dungeon.
You worshipped Trog.
Trog was pleased with you.
You were not hungry.

You visited 2 branches of the dungeon, and saw 5 of its levels.

You collected 149 gold pieces.

Inventory:

Hand Weapons
 a - a +0 mace (weapon)
 h - a +0 hunting sling
Missiles
 l - 84 stones (quivered)
 w - 18 sling bullets
Armour
 b - a +0 animal skin (worn)
 v - a +0 cloak (worn)
Jewellery
 j - a ring of stealth (left hand)
 n - a +2 ring of evasion (right hand)
 s - a +4 amulet of reflection {unknown}
Scrolls
 d - 3 scrolls of identify {unknown}
 f - a scroll of teleportation {unknown}
 m - 2 scrolls of remove curse {unknown}
 q - a scroll of noise {unknown}
 t - a scroll of fog {unknown}
 u - a scroll of recharging {unknown}
Potions
 e - a potion of brilliance {unknown}
 i - a potion of magic {unknown}
 k - a potion of flight {unknown}
 o - a potion of berserk rage {unknown}
 p - a potion of heal wounds {unknown}
Comestibles
 c - 3 bread rations
 g - 2 meat rations
 r - 2 fruits


   Skills:
 + Level 5.8 Fighting
 * Level 7.2 Maces & Flails
 + Level 4.0 Dodging


You had 5 spell levels left.
You didn't know any spells.

Dungeon Overview and Level Annotations

Branches:
Dungeon (4/15)             Temple (1/1) D:4

Altars:
Cheibriados
Kikubaaqudgha
Pakellas
Ru

Annotations:
D:4 Blork the orc, Menkaure


Innate Abilities, Weirdness & Mutations

You are too large for most types of armour.
You have tough skin (AC +1).


Message History

Blork the orc zaps a wand.
The puff of flame misses you. The worker ant barely misses you.
You hit Blork the orc but do no damage.
Blork the orc is heavily wounded.
You feel sick. Blork the orc hits you with a trident.
* * * LOW HITPOINT WARNING * * *
The worker ant closely misses you. Blork the orc closely misses you.
Blork the orc hits you from afar with a trident.
* * * LOW HITPOINT WARNING * * *
You feel sick.
The worker ant bites you but does no damage.
You're too hungry to go berserk.
You don't know any spells.
Eat which item? (? for menu, Esc to quit)
Blork the orc hits you from afar with a trident.
* * * LOW HITPOINT WARNING * * *
The worker ant bites you but does no damage.
Blork the orc hits you from afar with a trident!
You die...

#..# #.<#[# #..# #.##W#
#.J# #.##.# #..# #.##.#
#..#####....#
#.....####### #.###.#
#.###.###########
#.....oa@.......#
.......#############.##
#####..# #[.# #..# ##.#
##.# #.######## #>#
#.#...#... ###
#.#.⌠.#.⌠. #.#...#...
#.##.###.#


You could see Blork the orc and a worker ant.

Vanquished Creatures
  The ghost of simples the Sneak, an amateur SpEn (D:3)
  A phantom (D:4)
  A giant frog skeleton (D:4)
  Ijyb (D:3)
  3 adders
  A shadow imp (D:3)
  An adder skeleton (D:4)
  2 worms (D:2)
  2 giant geckos
  An orc (D:3)
  4 giant cockroaches
  7 goblins
  7 hobgoblins
  3 jackals (D:1)
  6 kobolds
  A quokka (D:3)
  6 bats
  3 giant newts
  5 rats
56 creatures vanquished.

Notes
Turn   | Place    | Note
--------------------------------------------------------------
     0 | D:1      | mrath the Ogre Berserker began the quest for the Orb.
     0 | D:1      | Reached XP level 1. HP: 24/24 MP: 1/1
   499 | D:1      | Reached XP level 2. HP: 32/32 MP: 2/2
  1361 | D:1      | Reached XP level 3. HP: 40/40 MP: 3/3
  1955 | D:2      | Reached skill level 5 in Maces & Flails
  2293 | D:2      | Reached ** piety under Trog
  2293 | D:2      | Reached XP level 4. HP: 10/49 MP: 4/4
  2902 | D:3      | Noticed simples's ghost (amateur SpEn)
  3073 | D:3      | Noticed Ijyb
  3096 | D:3      | Killed Ijyb
  3192 | D:3      | Reached skill level 5 in Fighting
  3301 | D:3      | Reached XP level 5. HP: 57/57 MP: 5/5
  3516 | D:3      | Killed simples's ghost
  3516 | D:3      | Reached skill level 6 in Maces & Flails
  3932 | D:4      | Noticed Menkaure
  3932 | D:4      | Noticed an ogre
  3992 | D:4      | Reached XP level 6. HP: 58/66 MP: 6/6
  4007 | D:4      | Noticed a phantom
  4144 | D:4      | Killed a phantom
  4144 | D:4      | Reached skill level 7 in Maces & Flails
  4175 | D:4      | Noticed Blork the orc
  4377 | D:4      | Found a staircase to the Ecumenical Temple.
  4382 | Temple   | Entered the Ecumenical Temple
  4556 | D:4      | Slain by Blork the orc

Skill      XL: |  1  2  3  4  5  6 |
---------------+-------------------+-----
Dodging        | 3 4 |  4.0
Maces & Flails | 5 6 7 |  7.2
Fighting       | 5 |  5.8

Action                   |  1- 3 |  4- 6 || total
-------------------------+-------+-------++-------
Melee: Mace              |   137 |   124 ||   261
Invok: Berserk           |     1 |     2 ||     3
  Eat: Chunk             |     5 |     7 ||    12
       Fruit             |       |     2 ||     2
       Bread ration      |       |     1 ||     1
Armor: Animal skin       |    51 |    20 ||    71
Dodge: Dodged            |    87 |    75 ||   162
